General information
- name: BNet
- type: Ladder team game (AT/RT)
- host: Battle.net
- saver: YourMaster
map: Mur'gulOasis
- players: 8
- length: 39:47
- speed: Fast
- version: 1.28 W3XP
- replay type: Public
» download(227 KB)
Players
team 1 (winner)
DCON-RAINB0W (
yellow | 71 APM | 2829 actions | 39:46)
6 Blademaster
2 Wind Walk
3 Critical Strike
1 Bladestorm
6 Shadow Hunter
3 Hex
2 Healing Wave
1 Big Bad Voodoo
» actions
| Assign group hotkey | 35 | |
| Basic commands | 56 | |
| Build / train | 78 | |
| Enter build submenu | 17 | |
| Enter hero's abilities submenu | 15 | |
| Give item / drop item | 3 | |
| Remove unit from queue | 1 | |
| Right click | 1345 | |
| Select / deselect | 302 | |
| Select group hotkey | 780 | |
| Use ability | 197 | |
2829 total
» units
| Peon | 13 | |
| Wind Rider | 10 | |
| Raider | 5 | |
28 total
» upgrades
| Ranged Weapons | 1 | |
| Reinforced Defenses | 1 | |
| Armor | 1 | |
| Ensnare | 1 | |
| Melee Weapons | 3 | |
| Envenomed Spears | 1 | |
| Pillage | 1 | |
9 total
» buildings
| Altar of Storms | 1 | |
| Orc Burrow | 7 | |
| Voodoo Lounge | 1 | |
| Stronghold | 2 | |
| War Mill | 1 | |
| Beastiary | 3 | |
| Fortress | 2 | |
| Watch Tower | 12 | |
29 total
» build order
00:07 Altar of Storms
00:12 Orc Burrow
00:51 Voodoo Lounge
02:11 Stronghold
02:11 Stronghold
02:32 Orc Burrow
02:33 Orc Burrow
02:33 Orc Burrow
02:46 War Mill
04:38 Beastiary
04:39 Beastiary
07:56 Fortress
08:29 Watch Tower
08:30 Watch Tower
08:33 Watch Tower
08:34 Watch Tower
08:35 Watch Tower
08:36 Watch Tower
10:24 Orc Burrow
10:58 Orc Burrow
10:59 Orc Burrow
11:49 Watch Tower
11:52 Watch Tower
12:19 Watch Tower
12:24 Watch Tower
17:22 Beastiary
21:50 Watch Tower
21:50 Watch Tower
» items
| Healing Salve | 4 | |
| Lesser Clarity Potion | 3 | |
| Staff of Teleportation | 2 | |
| Potion of Mana | 1 | |
| Scroll of Town Portal | 4 | |
| Scroll of Regeneration | 1 | |
| Potion of Lesser Invulnerability | 1 | |
| Boots of Speed | 1 | |
17 total
YourMaster (
purple | 97 APM | 3867 actions | 39:47)
8 Archmage
3 Summon Water Elemental
3 Brilliance Aura
1 Mass Teleport
1 Blizzard
» actions
| Assign group hotkey | 176 | |
| Basic commands | 188 | |
| Build / train | 148 | |
| ESC pressed | 6 | |
| Enter build submenu | 49 | |
| Enter hero's abilities submenu | 8 | |
| Give item / drop item | 4 | |
| Remove unit from queue | 1 | |
| Right click | 1372 | |
| Select / deselect | 533 | |
| Select group hotkey | 1067 | |
| Use ability | 315 | |
3867 total
» units
| Peasant | 12 | |
| Footman | 6 | |
| Gryphon Rider | 9 | |
| Rifleman | 4 | |
| Mortar Team | 7 | |
| Priest | 5 | |
43 total
» upgrades
| Swords | 3 | |
| Masonry | 3 | |
| Animal War Training | 1 | |
| Armor | 3 | |
| Lumber Harvesting | 1 | |
| Gunpowder | 3 | |
| Storm Hammers | 1 | |
| Fragmentation Shards | 1 | |
| Long Rifles | 1 | |
| Priest Training | 2 | |
| Sorceress Training | 2 | |
21 total
» buildings
| Altar of Kings | 1 | |
| Farm | 7 | |
| Barracks | 1 | |
| Lumber Mill | 1 | |
| Arcane Vault | 1 | |
| Keep | 2 | |
| Scout Tower | 27 | |
| Guard Tower | 23 | |
| Castle | 5 | |
| Blacksmith | 1 | |
| Gryphon Aviary | 2 | |
| Town Hall | 3 | |
| Workshop | 3 | |
| Arcane Sanctum | 2 | |
| Cannon Tower | 1 | |
80 total
» build order
00:36 Altar of Kings
00:38 Farm
01:06 Barracks
01:22 Farm
01:34 Farm
01:50 Lumber Mill
02:00 Arcane Vault
02:52 Farm
03:36 Keep
03:36 Keep
03:59 Farm
04:49 Scout Tower
05:10 Scout Tower
06:00 Guard Tower
06:00 Castle
06:07 Castle
06:07 Castle
06:07 Castle
06:51 Scout Tower
06:56 Scout Tower
07:16 Blacksmith
07:28 Guard Tower
07:28 Guard Tower
07:28 Guard Tower
07:31 Farm
08:28 Gryphon Aviary
08:29 Gryphon Aviary
09:33 Farm
10:16 Town Hall
10:18 Scout Tower
10:19 Scout Tower
10:20 Scout Tower
10:21 Scout Tower
10:34 Scout Tower
10:35 Scout Tower
10:37 Scout Tower
10:55 Guard Tower
10:56 Guard Tower
10:56 Guard Tower
11:07 Workshop
11:13 Workshop
11:19 Guard Tower
11:19 Guard Tower
11:19 Guard Tower
12:52 Arcane Sanctum
13:17 Scout Tower
13:19 Scout Tower
13:20 Scout Tower
14:05 Cannon Tower
18:49 Scout Tower
19:03 Arcane Sanctum
19:06 Workshop
25:23 Town Hall
30:33 Town Hall
30:35 Scout Tower
30:36 Scout Tower
30:38 Scout Tower
30:40 Scout Tower
30:43 Scout Tower
30:45 Scout Tower
30:46 Scout Tower
31:24 Guard Tower
31:25 Guard Tower
31:25 Guard Tower
31:35 Guard Tower
31:51 Guard Tower
32:34 Scout Tower
32:38 Scout Tower
32:39 Scout Tower
32:40 Scout Tower
32:43 Scout Tower
33:25 Guard Tower
33:25 Guard Tower
» items
| Scroll of Regeneration | 5 | |
| Staff of Teleportation | 2 | |
| Periapt of Vitality | 2 | |
| Potion of Invisibility | 2 | |
| Scroll of Town Portal | 3 | |
| Mechanical Critter | 11 | |
25 total

»
PizzaMon (
pink | 24 APM | 578 actions | 24:23)
5 Mountain King
3 Storm Bolt
2 Bash
» actions
| Basic commands | 1 | |
| Build / train | 52 | |
| Enter build submenu | 35 | |
| Enter hero's abilities submenu | 5 | |
| Remove unit from queue | 1 | |
| Right click | 192 | |
| Select / deselect | 247 | |
| Use ability | 45 | |
578 total
» units
| Peasant | 15 | |
| Footman | 6 | |
| Rifleman | 3 | |
| Knight | 7 | |
| Priest | 4 | |
35 total
» upgrades
| Swords | 3 | |
| Plating | 2 | |
| Priest Training | 2 | |
| Animal War Training | 1 | |
8 total
» buildings
| Altar of Kings | 1 | |
| Farm | 20 | |
| Barracks | 4 | |
| Lumber Mill | 2 | |
| Blacksmith | 3 | |
| Keep | 1 | |
| Castle | 1 | |
| Arcane Sanctum | 1 | |
| Arcane Vault | 1 | |
| Gryphon Aviary | 1 | |
35 total
» build order
00:05 Altar of Kings
00:07 Farm
00:36 Barracks
00:52 Farm
01:45 Lumber Mill
01:56 Farm
02:49 Farm
02:54 Blacksmith
04:32 Farm
05:01 Keep
07:24 Castle
07:27 Barracks
07:48 Arcane Sanctum
08:00 Farm
08:44 Farm
08:46 Farm
09:06 Arcane Vault
09:55 Farm
11:16 Farm
11:21 Farm
18:01 Lumber Mill
18:03 Blacksmith
21:01 Farm
21:05 Farm
21:08 Farm
21:41 Barracks
21:45 Farm
21:47 Farm
22:09 Barracks
22:17 Farm
22:21 Farm
22:24 Farm
23:07 Blacksmith
23:13 Farm
23:39 Gryphon Aviary
MrPotatoSalad (
blue | 14 APM | 528 actions | 38:46)
2 Lich
1 Frost Armor
1 Frost Nova
» actions
| Basic commands | 4 | |
| Build / train | 61 | |
| Enter build submenu | 24 | |
| Enter hero's abilities submenu | 2 | |
| Give item / drop item | 2 | |
| Right click | 174 | |
| Select / deselect | 205 | |
| Use ability | 56 | |
528 total
» units
» upgrades
» buildings
| Altar of Darkness | 1 | |
| Ziggurat | 9 | |
| Crypt | 1 | |
| Graveyard | 1 | |
| Tomb of Relics | 1 | |
| Halls of the Dead | 1 | |
| Black Citadel | 1 | |
| Temple of the Damned | 3 | |
| Spirit Tower | 1 | |
| Arcane Tower | 10 | |
| Orc Burrow | 1 | |
| Altar of Storms | 1 | |
31 total
» build order
00:06 Altar of Darkness
00:11 Ziggurat
01:04 Crypt
01:17 Graveyard
01:44 Ziggurat
01:54 Tomb of Relics
03:25 Ziggurat
04:45 Halls of the Dead
06:21 Ziggurat
06:27 Ziggurat
06:40 Ziggurat
06:58 Ziggurat
08:57 Black Citadel
09:05 Temple of the Damned
09:17 Temple of the Damned
09:21 Temple of the Damned
09:28 Ziggurat
09:34 Ziggurat
11:21 Spirit Tower
17:40 Arcane Tower
17:42 Arcane Tower
18:48 Arcane Tower
19:12 Arcane Tower
19:15 Arcane Tower
20:28 Arcane Tower
21:24 Arcane Tower
23:42 Arcane Tower
25:15 Arcane Tower
25:17 Arcane Tower
35:42 Orc Burrow
36:53 Altar of Storms
» items
| Orb of Fire | 1 | |
| Staff of Sanctuary | 2 | |
| Ivory Tower | 23 | |
26 total
team 2 (loser)
KINGINYELLOW (
green | 44 APM | 1755 actions | 39:45)
9 Blademaster
3 Wind Walk
3 Critical Strike
1 Bladestorm
2 Mirror Image
» actions
| Assign group hotkey | 68 | |
| Basic commands | 102 | |
| Build / train | 78 | |
| Enter build submenu | 77 | |
| Enter hero's abilities submenu | 9 | |
| Give item / drop item | 8 | |
| Remove unit from queue | 7 | |
| Right click | 772 | |
| Select / deselect | 351 | |
| Select group hotkey | 131 | |
| Use ability | 152 | |
1755 total
» units
» upgrades
| Armor | 3 | |
| Reinforced Defenses | 1 | |
| Ranged Weapons | 3 | |
| Envenomed Spears | 1 | |
| Troll Regeneration | 1 | |
| Spiked Barricades | 1 | |
| Ensnare | 1 | |
| Burning Oil | 1 | |
12 total
» buildings
| Orc Burrow | 8 | |
| Altar of Storms | 1 | |
| Barracks | 1 | |
| War Mill | 2 | |
| Voodoo Lounge | 2 | |
| Stronghold | 1 | |
| Watch Tower | 49 | |
| Great Hall | 2 | |
| Fortress | 1 | |
| Beastiary | 6 | |
73 total
» build order
00:11 Orc Burrow
00:44 Altar of Storms
00:54 Barracks
01:14 Orc Burrow
02:46 War Mill
03:20 Voodoo Lounge
04:19 Stronghold
04:21 Watch Tower
04:40 Watch Tower
05:38 Watch Tower
05:41 Watch Tower
06:56 Orc Burrow
08:07 Great Hall
08:10 Watch Tower
08:10 Watch Tower
08:10 Watch Tower
08:11 Watch Tower
09:24 Watch Tower
09:25 Watch Tower
09:25 Watch Tower
09:28 Watch Tower
09:36 Voodoo Lounge
09:42 Fortress
10:18 Beastiary
10:22 Beastiary
10:37 Beastiary
15:36 War Mill
15:39 Beastiary
15:45 Beastiary
15:48 Beastiary
15:57 Watch Tower
15:57 Watch Tower
15:58 Watch Tower
15:58 Watch Tower
16:00 Watch Tower
16:00 Watch Tower
16:00 Watch Tower
16:02 Watch Tower
16:02 Watch Tower
16:14 Watch Tower
16:15 Watch Tower
16:16 Watch Tower
16:16 Watch Tower
19:37 Orc Burrow
21:49 Watch Tower
21:49 Watch Tower
21:50 Watch Tower
21:50 Watch Tower
21:55 Watch Tower
21:55 Watch Tower
21:56 Watch Tower
21:56 Watch Tower
21:56 Watch Tower
22:41 Watch Tower
22:41 Watch Tower
22:42 Watch Tower
22:45 Watch Tower
23:36 Great Hall
24:05 Orc Burrow
24:09 Orc Burrow
24:10 Orc Burrow
24:27 Orc Burrow
27:09 Watch Tower
27:09 Watch Tower
27:10 Watch Tower
27:10 Watch Tower
27:11 Watch Tower
27:16 Watch Tower
27:16 Watch Tower
27:16 Watch Tower
27:17 Watch Tower
» items
| Healing Salve | 3 | |
| Orb of Lightning | 1 | |
| Staff of Teleportation | 1 | |
| Periapt of Vitality | 2 | |
| Tiny Great Hall | 2 | |
| Scroll of Town Portal | 1 | |
10 total

»
thesoldierfox (
red | 34 APM | 982 actions | 29:14)
5 Keeper of the Grove
2 Entangling Roots
3 Force of Nature
5 Priestess of the Moon
3 Trueshot Aura
2 Searing Arrows
» actions
| Build / train | 101 | |
| Enter build submenu | 14 | |
| Enter hero's abilities submenu | 10 | |
| Give item / drop item | 3 | |
| Remove unit from queue | 4 | |
| Right click | 463 | |
| Select / deselect | 321 | |
| Use ability | 66 | |
982 total
» units
| Wisp | 18 | |
| Archer | 20 | |
| Dryad | 15 | |
| Druid of the Talon | 10 | |
| Hippogryph | 5 | |
| Faerie Dragon | 1 | |
69 total
» upgrades
| Improved Bows | 1 | |
| Abolish Magic | 1 | |
| Druid of the Talon Training | 2 | |
| Strength of the Moon | 3 | |
| Strength of the Wild | 3 | |
| Marksmanship | 1 | |
| Ultravision | 1 | |
| Moon Armor | 1 | |
| Reinforced Hides | 2 | |
| Nature's Blessing | 1 | |
16 total
» buildings
| Moon Well | 8 | |
| Altar of Elders | 1 | |
| Ancient of War | 1 | |
| Tree of Ages | 1 | |
| Hunter's Hall | 1 | |
| Ancient of Lore | 1 | |
| Ancient of Wind | 1 | |
| Tree of Eternity | 1 | |
| Ancient of Wonders | 1 | |
| Tree of Life | 3 | |
19 total
» build order
00:21 Moon Well
00:22 Moon Well
00:39 Altar of Elders
01:44 Ancient of War
02:14 Tree of Ages
02:25 Moon Well
02:26 Moon Well
02:53 Hunter's Hall
04:25 Moon Well
04:43 Ancient of Lore
06:07 Ancient of Wind
08:11 Tree of Eternity
08:25 Moon Well
10:20 Ancient of Wonders
17:41 Tree of Life
25:12 Tree of Life
25:14 Moon Well
25:15 Moon Well
27:26 Tree of Life
» items
| Orb of Venom | 1 | |
| Scroll of Town Portal | 1 | |
2 total
djStaley (
orange | 76 APM | 2548 actions | 33:30)
8 Priestess of the Moon
3 Trueshot Aura
3 Searing Arrows
1 Starfall
1 Scout
» actions
| Assign group hotkey | 58 | |
| Basic commands | 135 | |
| Build / train | 82 | |
| Enter build submenu | 19 | |
| Enter hero's abilities submenu | 8 | |
| Give item / drop item | 2 | |
| Remove unit from queue | 2 | |
| Right click | 1084 | |
| Select / deselect | 402 | |
| Select group hotkey | 715 | |
| Use ability | 41 | |
2548 total
» units
| Wisp | 19 | |
| Archer | 16 | |
| Druid of the Talon | 8 | |
| Chimaera | 11 | |
| Hippogryph | 4 | |
58 total
» upgrades
| Strength of the Moon | 1 | |
| Backpack | 0 | |
| Improved Bows | 1 | |
| Druid of the Talon Training | 1 | |
| Reinforced Hides | 2 | |
| Strength of the Wild | 1 | |
| Corrosive Breath | 1 | |
| Hippogryph Taming | 1 | |
8 total
» buildings
| Altar of Elders | 1 | |
| Moon Well | 7 | |
| Ancient of War | 1 | |
| Ancient of Wonders | 1 | |
| Tree of Ages | 1 | |
| Hunter's Hall | 1 | |
| Ancient of Wind | 1 | |
| Tree of Eternity | 1 | |
| Chimaera Roost | 2 | |
| Tree of Life | 2 | |
18 total
» build order
00:18 Altar of Elders
00:22 Moon Well
00:50 Ancient of War
01:37 Moon Well
02:07 Ancient of Wonders
03:04 Tree of Ages
03:15 Moon Well
04:06 Hunter's Hall
05:45 Ancient of Wind
06:18 Tree of Eternity
07:14 Moon Well
08:43 Chimaera Roost
08:46 Chimaera Roost
10:22 Moon Well
11:30 Moon Well
17:26 Tree of Life
21:50 Moon Well
29:12 Tree of Life
» items
| Potion of Healing | 1 | |
| Periapt of Vitality | 1 | |
| Circlet of Nobility | 1 | |
3 total
CSEVEN (
teal | 22 APM | 644 actions | 29:10)
3 Blood Mage
2 Flame Strike
1 Banish
» actions
| Basic commands | 12 | |
| Build / train | 84 | |
| Enter build submenu | 26 | |
| Enter hero's abilities submenu | 3 | |
| Give item / drop item | 5 | |
| Right click | 212 | |
| Select / deselect | 267 | |
| Use ability | 35 | |
644 total
» units
» upgrades
| Masonry | 3 | |
| Gunpowder | 3 | |
| Lumber Harvesting | 3 | |
| Barrage | 1 | |
| Plating | 3 | |
13 total
» buildings
| Farm | 11 | |
| Scout Tower | 5 | |
| Lumber Mill | 1 | |
| Altar of Kings | 1 | |
| Guard Tower | 4 | |
| Blacksmith | 1 | |
| Keep | 1 | |
| Arcane Vault | 1 | |
| Castle | 1 | |
| Workshop | 5 | |
| Town Hall | 1 | |
32 total
» build order
00:44 Farm
00:56 Scout Tower
01:04 Lumber Mill
01:30 Altar of Kings
01:38 Farm
02:10 Guard Tower
02:15 Scout Tower
02:31 Farm
02:50 Scout Tower
02:51 Guard Tower
03:04 Blacksmith
03:16 Farm
03:28 Guard Tower
04:26 Farm
04:31 Scout Tower
04:33 Keep
04:47 Scout Tower
05:40 Guard Tower
06:39 Arcane Vault
07:04 Castle
07:12 Workshop
07:36 Workshop
07:40 Farm
08:04 Workshop
08:10 Farm
09:10 Farm
09:26 Farm
10:10 Farm
10:13 Farm
20:43 Workshop
21:17 Workshop
27:31 Town Hall
» items
| Circlet of Nobility | 19 | |
| Staff of Teleportation | 1 | |
| Scroll of Town Portal | 2 | |
| Tiny Great Hall | 1 | |
23 total
Chat log
(00:16 / Allies) PizzaMon: hey
(00:33 / All) KINGINYELLOW: SHAWTY PUSSY HAIR ALL SHAVED OFF
(00:38 / All) KINGINYELLOW: AND SHE DID IT JUST FOR ME
(00:41 / All) KINGINYELLOW: NIGGA
(00:48 / All) MrPotatoSalad: stfu jiggaboo
(01:00 / All) DCON-RAINB0W: i like this map, i think its underrated
(01:17 / All) YourMaster: It's alright but mostly only because al ot of the other maps are even worse
(01:30 / All) KINGINYELLOW: WOULD SKIP U LIKE A SPACE BAR BUT ILL JUST DELETE U INSTEAD
(01:32 / Allies) PizzaMon: units?
(01:33 / All) MrPotatoSalad: they need to let us do Echo Isles
(01:42 / All) DCON-RAINB0W: 4v4 map escho isles?
(01:44 / Allies) DCON-RAINB0W: wyvern bat
(02:19 / All) MrPotatoSalad: thsi game is getting boring
(02:23 / All) MrPotatoSalad: ima have to make it fun
(02:26 / All) MrPotatoSalad: yall fucked
(02:40 / All) KINGINYELLOW: IVE BEEN GETTIN MONEY WHRE DA FUCK U BEEN
(02:40 / All) DCON-RAINB0W: blue no. 1!!!!!!!!
(02:59 / All) KINGINYELLOW: BOUGHT A NEW CRIB JUST TO FUCK U IN
(03:15 / All) MrPotatoSalad: ima tech strait to wyrms
(03:27 / All) KINGINYELLOW: BAH BAH BOUGHT A NEW BENZ JUST TO FUCK UR FRIENDS
(05:34 / All) KINGINYELLOW: zzzzzzzzzzzz
(05:34 / All) KINGINYELLOW: zzzzzzzzzzzz
(05:35 / All) DCON-RAINB0W: ZZ
(05:38 / All) KINGINYELLOW: zzzzzzzzzzzzzzzzzzzzz
(05:38 / All) YourMaster: out
(05:47 / All) KINGINYELLOW: thx I lost a grunt
(05:50 / All) KINGINYELLOW: to your lag
(05:58 / Allies) PizzaMon: cmon man taking my items
(06:06 / All) MrPotatoSalad: your a cuck purp
(06:09 / All) MrPotatoSalad: what an asshole
(06:23 / All) YourMaster: want my wand of illusion and 100g reparations?
(06:29 / All) MrPotatoSalad: no
(06:33 / All) MrPotatoSalad: i want that item you took
(06:34 / All) YourMaster: wasn't asking you homo
(06:39 / All) YourMaster: I jacked pink, not you, prick
(06:45 / All) MrPotatoSalad: aight guys
(06:45 / All) YourMaster: you were trying to jack him too
(06:46 / All) MrPotatoSalad: gg
(06:54 / All) CSEVEN: i got 3 of them
(06:56 / All) DCON-RAINB0W: relax blue we gt this
(06:58 / All) CSEVEN: want one?
(07:23 / All) DCON-RAINB0W: teal wtf
(07:24 / All) DCON-RAINB0W: fuck me in the ass
(08:43 / Allies) DCON-RAINB0W: got wand
(09:11 / All) MrPotatoSalad: ffs teal
(09:14 / All) MrPotatoSalad: stop streaming porn
(11:11 / Allies) DCON-RAINB0W: pink
(11:14 / Allies) DCON-RAINB0W: protect purple expo
(11:26 / Allies) YourMaster: lumber me?
(11:27 / Allies) DCON-RAINB0W: stay
(11:45 / Allies) PizzaMon: gold?
(11:57 / Allies) DCON-RAINB0W: wood plz
(12:40 / Allies) DCON-RAINB0W: stay here
(12:47 / Allies) PizzaMon: b
(13:55 / All) CSEVEN: lol
(14:50 / Allies) DCON-RAINB0W: potms have zero helath
(14:57 / Allies) DCON-RAINB0W: tp idiot bue
(15:39 / All) MrPotatoSalad: kill pinks main
(15:42 / All) MrPotatoSalad: so we cant tp
(16:19 / All) CSEVEN: alot of resources keeping that main up
(16:40 / Allies) YourMaster: repair
(17:06 / Allies) PizzaMon: ty
(17:29 / Allies) DCON-RAINB0W: tp to purple
(17:39 / Allies) DCON-RAINB0W: tp to me
(17:46 / Allies) DCON-RAINB0W: help pink
(17:54 / Allies) PizzaMon: wym
(18:09 / Allies) PizzaMon: tp to me
(18:13 / Allies) DCON-RAINB0W: to purple
(18:25 / Allies) PizzaMon: come
(19:05 / Allies) PizzaMon: tanks
(19:07 / Allies) DCON-RAINB0W: come
(19:08 / Allies) DCON-RAINB0W: WTF
(19:09 / Allies) DCON-RAINB0W: come
(20:21 / All) DCON-RAINB0W: TANKS are so imba
(21:16 / Allies) PizzaMon: check expos
(21:25 / Allies) YourMaster: asshole full walling me
(21:28 / Allies) YourMaster: I guess I have mass tp though
(21:30 / Allies) PizzaMon: jesus
(21:30 / Allies) YourMaster: so nvm
(21:50 / All) MrPotatoSalad: thx for the help @ my place
(22:01 / All) CSEVEN: you welcome
(22:11 / All) CSEVEN: your peons rock
(22:16 / All) CSEVEN: tell them i said that
(22:23 / All) CSEVEN: your knights died
(22:25 / All) CSEVEN: :(
(24:11 / All) YourMaster: out
(24:23 / All) CSEVEN: got em
(24:24 / All) YourMaster: worst time to mass tp there LOL
(24:33 / All) YourMaster: Jesus
(24:39 / All) YourMaster: LOL
(24:45 / All) YourMaster: I mass tped to expo there and bring peasants
(24:52 / All) YourMaster: and your whole fucking armies were there and killed mine instantly
(25:29 / All) CSEVEN: smh
(25:32 / All) CSEVEN: my team
(25:47 / All) CSEVEN: do i have to kill them all?
(26:15 / All) CSEVEN: tower noob
(26:35 / Allies) YourMaster: you're stuck in my base now lol
(26:37 / Allies) YourMaster: blue full walled it
(26:41 / Allies) DCON-RAINB0W: gogo
(26:49 / All) MrPotatoSalad: lmfao
(26:51 / Allies) DCON-RAINB0W: tp somewhere
(26:53 / Allies) YourMaster: lol ,my critters are stuck
(27:17 / Allies) YourMaster: got staff?
(27:23 / Allies) DCON-RAINB0W: cooldown
(27:40 / All) YourMaster: holy shit thats a lot of tanks
(27:51 / All) CSEVEN: lol
(27:59 / All) CSEVEN: my tem
(28:00 / All) YourMaster: helms deep motherfuckers
(28:02 / All) CSEVEN: tk
(28:15 / All) CSEVEN: so
(28:18 / All) YourMaster: ARCANE TOWERS ARE TKING
(28:21 / All) YourMaster: MY CASTLE
(29:17 / All) KINGINYELLOW: lol
(29:18 / All) YourMaster: raped
(29:28 / All) KINGINYELLOW: the homer simpson strategy, they blew their wad
(29:37 / All) YourMaster: this game was crazy
(30:35 / All) DCON-RAINB0W: BLUE aint even giving up
(30:41 / All) MrPotatoSalad: hail nah
(30:59 / All) DCON-RAINB0W: was this game entertaining enough? ur arcane towers held off 4 armies
(31:06 / All) YourMaster: I think I played with you earlier blue
(31:08 / All) MrPotatoSalad: yeah
(31:09 / All) KINGINYELLOW: FREE TINY HALL
(31:11 / All) YourMaster: on a dif account
(31:22 / All) YourMaster: were you in that game on market square
(31:29 / All) MrPotatoSalad: i was gonna mass banchees but you got here first
(31:30 / All) KINGINYELLOW: anotehr free hall!
(32:15 / All) DCON-RAINB0W: gay how do i build shit out of tiny hall if i have no burrows
(32:54 / All) KINGINYELLOW: criminals apprehended
(33:34 / All) KINGINYELLOW: lol
(33:45 / All) YourMaster: bad luck blue
(33:58 / All) MrPotatoSalad: dont kill their expo
(34:00 / All) MrPotatoSalad: i have an idea
(34:09 / All) KINGINYELLOW: smart
(35:12 / All) KINGINYELLOW: criminals apprehended
(36:04 / All) KINGINYELLOW: I needa reboot after this
(36:36 / All) KINGINYELLOW: they never scouted blues old base after they killed it
(36:40 / All) KINGINYELLOW: you could have had an expo there the whoel time
(36:48 / All) YourMaster: I couldn't get a chance to get peasants there
(36:50 / All) DCON-RAINB0W: well
(36:53 / All) YourMaster: asshole blue walled my base too
(36:55 / All) DCON-RAINB0W: we didnt have a lot of chances lol
(36:57 / All) DCON-RAINB0W: ur team owned us
(37:00 / All) YourMaster: so it was a pita to get my units and critters out
(37:00 / All) DCON-RAINB0W: teal tanks ar eOP
(37:08 / All) KINGINYELLOW: tanks are such BS
(37:11 / All) DCON-RAINB0W: once rods expo went down we were f'd
(37:23 / All) MrPotatoSalad: wtf are you doing purp xD
(37:30 / All) YourMaster: giving you a loss
(37:48 / All) DCON-RAINB0W: i freaking neeeded blue to just tp to purle's expo and i could ahve killed all heores there
(37:51 / All) DCON-RAINB0W: but he didnt tp
(37:57 / All) DCON-RAINB0W: he didnt even have to do anything
(38:00 / All) DCON-RAINB0W: to just take up space
(38:07 / All) KINGINYELLOW: I killed your weak bm
(38:10 / All) KINGINYELLOW: when I was typing
(38:16 / All) KINGINYELLOW: wind walk wore off just when it ran by lmao
(38:23 / All) DCON-RAINB0W: oh lawl
(38:25 / All) DCON-RAINB0W: mine?
(38:27 / All) KINGINYELLOW: Yes
(38:29 / All) DCON-RAINB0W: i didnt see what happened
(38:51 / All) DCON-RAINB0W: that fight irritated me cuz both red and oj's potm had like 50 hp each
(38:55 / All) KINGINYELLOW: let's stats
(38:58 / All) KINGINYELLOW: to see if there's an undefeated
(39:02 / All) KINGINYELLOW: Yeah
(39:09 / All) KINGINYELLOW: I put whatever you call it
(39:11 / All) DCON-RAINB0W: ur team los eisay
(39:15 / All) KINGINYELLOW: the friendly fire shock thing
(39:22 / All) KINGINYELLOW: on them waek stuff lawl
(39:25 / All) KINGINYELLOW: hoping to kill the potm
(39:27 / All) KINGINYELLOW: s
(39:32 / All) KINGINYELLOW: they didn't seem to notice me do that